 Dungeon Sprint DCSS version 0.28-a0-1190-g77e1c55843 (webtiles) character file.

Game seed: 13354219675221369725

2399 mhtbhm the Basher (level 9, 0/60 HPs)
             Began as a Gargoyle Fighter on Dec 18, 2021.
             Was a High Priest of Okawaru.
             Killed by divine providence
             ... invoked by a meliai
              (13 damage)
             ... in the Dungeon (Sprint IX: "|||||||||||||||||||||||||||||").
             The game lasted 00:02:14 (569 turns).

mhtbhm the Basher (Gargoyle Fighter)                 Turns: 569, Time: 00:02:14

Health: 0/60       AC: 31    Str: 27    XL:     9   Next: 46%
Magic:  15/16      EV:  8    Int:  9    God:    Okawaru [*****.]
Gold:   0          SH:  5    Dex:  9    Spells: 8/8 levels left

rFire   . . .      SeeInvis .   a - +2 morningstar (protect)
rCold   . . .      Faith    .   c - +0 buckler
rNeg    + . .      Spirit   .   b - +0 plate armour
rPois   ∞          Reflect  .   (no helmet)
rElec   +          Harm     .   (no cloak)
rCorr   .          Rampage  .   n - +0 pair of gloves
Will    .....      NoTele   +   (no boots)
Stlth   ..........              (no amulet)
HPRegen 0.20/turn               o - +3 ring of strength
MPRegen 0.15/turn               p - +2 ring of protection

@: mighty, under a protective aura
A: sickness immunity, AC +6, negative energy resistance 1, electricity
resistance, torment resistance 1, petrification resistance
a: Renounce Religion, Heroism, Finesse


You were in the Dungeon.
You worshipped Okawaru.
Okawaru was extremely pleased with you.
You visited 1 branch

Inventory:

Hand Weapons
 a - a +2 morningstar of protection (weapon)
Missiles
 f - 3 poisoned darts (quivered)
Armour
 b - a +0 plate armour (worn)
 c - a +0 buckler (worn)
 n - a +0 pair of gloves (worn)
Jewellery
 o - a +3 ring of strength (left hand)
 p - a +2 ring of protection (right hand)
Scrolls
 j - 2 scrolls of blinking
 l - 2 scrolls of amnesia
Potions
 e - a potion of curing
 h - 4 potions of magic


   Skills:
 + Level 9.1 Fighting
 + Level 12.2 Maces & Flails
 + Level 11.1 Armour
 + Level 3.1 Dodging
 + Level 8.2 Shields
 * Level 9.9 Invocations
 + Level 2.8 Evocations


You had 8 spell levels left.
You didn't know any spells.
Your spell library was empty.

Dungeon Overview and Level Annotations

Branches:
Dungeon (1/1)

Altars:
Cheibriados
Dithmenos
Elyvilon
Fedhas
Gozag
Hepliaklqana
Kikubaaqudgha
Makhleb
Nemelex Xobeh
Okawaru
Qazlal
Ru
Sif Muna
Trog
Uskayaw
Vehumet
Wu Jian
Xom
Yredelemnul
Zin
The Shining One
Beogh
Jiyva
Lugonu


Innate Abilities, Weirdness & Mutations

You are immune to sickness and miasma.
Your stone body is resilient. (AC +6)
You are immune to poison.
You resist negative energy. (rN+)
You are resistant to electric shocks. (rElec)
You are resistant to unholy torment.
You are immune to petrification.


Message History

The troll closely misses you. You block the troll's attack.
The troll closely misses you.
Unknown command.
Press: ? - help, v - describe, . - travel
Here: a troll (heavily wounded)
The floor, spattered with blood.
You sock the troll!
The troll is almost dead.
You closely miss the troll.
The troll is almost dead.
The troll bites you!
* * * LOW HITPOINT WARNING * * *
The troll claws you but does no damage. x2
You sock the troll!
You kill the troll!
Okawaru accepts your kill.
The troll leather armour is intact enough to wear.
Your Armour skill increases to level 11!
Unknown command.
You feel better. The meliai hits you but does no damage.
The meliai stings you but does no damage.
The meliai barely misses you.
The meliai stings you but does no damage.
You bludgeon the meliai!!
The meliai is almost dead.
You feel yourself slow down. The meliai hits you but does no damage.
The meliai stings you but does no damage.
You closely miss the meliai.
The meliai is almost dead.
The meliai hits you with a +0 hand axe.
* * * LOW HITPOINT WARNING * * *
The meliai stings you but does no damage.
Unknown command.
You feel better. The meliai hits you with a +0 hand axe.
* * * LOW HITPOINT WARNING * * *
The meliai stings you but does no damage.
The meliai mumbles some strange prayers to its god against you.
Something smites you!
You die... ▓▓▓▓▓▓▓▓▓▓▓▓▓▓▓▓▓▓▓▓▓▓▓▓▓▓▓▓▓▓▓▓▓ _____________'..@y.[...[T.....'V. ▓▓▓▓▓▓▓▓▓▓▓▓▓▓▓▓▓▓▓▓▓▓▓▓▓▓▓▓▓▓▓▓▓

You could see a meliai.

Vanquished Creatures
  2 hydras (D)
  A troll (D)
  2 shadows (D)
  A vampire (D)
  A vampire mosquito (D)
  An acid dragon (D)
  A centaur (D)
  A shadow imp (D)
  A white imp (D)
  An adder zombie (D)
  A bat zombie (D)
  2 hobgoblins (D)
  3 quokkas (D)
  A goblin (D)
19 creatures vanquished.

Vanquished Creatures (others)
  An unseen horror (D)
  A kobold brigand (D)
2 creatures vanquished.

Grand Total: 21 creatures vanquished

Notes
Turn   | Place    | Note
-------+----------+-------------------------------------------
     0 | D        | mhtbhm the Gargoyle Fighter began the quest for the Orb.
     0 | D        | Reached XP level 1. HP: 14/14 MP: 1/1
   183 | D        | Reached XP level 2. HP: 14/20 MP: 2/2
   197 | D        | Reached skill level 3 in Maces & Flails
   197 | D        | Reached XP level 3. HP: 24/24 MP: 3/3
   209 | D        | Found a snail-covered altar of Cheibriados.
   209 | D        | Found a shadowy altar of Dithmenos.
   209 | D        | Found a white marble altar of Elyvilon.
   209 | D        | Found a blossoming altar of Fedhas.
   209 | D        | Found an opulent altar of Gozag.
   210 | D        | Found a hazy altar of Hepliaklqana.
   211 | D        | Found a viscous altar of Jiyva.
   212 | D        | Found an ancient bone altar of Kikubaaqudgha.
   213 | D        | Found a corrupted altar of Lugonu.
   214 | D        | Found a burning altar of Makhleb.
   215 | D        | Found a sparkling altar of Nemelex Xobeh.
   216 | D        | Found an iron altar of Okawaru.
   217 | D        | Found a stormy altar of Qazlal.
   218 | D        | Found a sacrificial altar of Ru.
   219 | D        | Found a shimmering blue altar of Sif Muna.
   226 | D        | Found a bloodstained altar of Trog.
   227 | D        | Found a hide-covered altar of Uskayaw.
   228 | D        | Found a radiant altar of Vehumet.
   229 | D        | Found an ornate altar of the Wu Jian Council.
   230 | D        | Found a shimmering altar of Xom.
   232 | D        | Became a worshipper of Warmaster Okawaru
   234 | D        | Found a basalt altar of Yredelemnul.
   235 | D        | Found a glowing silver altar of Zin.
   236 | D        | Found a glowing golden altar of the Shining One.
   283 | D        | Noticed a vampire mosquito
   283 | D        | Noticed an acid dragon
   283 | D        | Noticed a shadow
   283 | D        | Noticed a kobold brigand
   283 | D        | Noticed a centaur
   292 | D        | Killed a vampire mosquito
   293 | D        | Reached skill level 5 in Maces & Flails
   293 | D        | Reached skill level 1 in Dodging
   293 | D        | Reached skill level 5 in Shields
   293 | D        | Reached XP level 4. HP: 26/32 MP: 3/6
   293 | D        | Reached XP level 5. HP: 29/36 MP: 3/7
   297 | D        | Killed an acid dragon
   297 | D        | Reached * piety under Okawaru
   298 | D        | Reached skill level 6 in Maces & Flails
   298 | D        | Reached skill level 5 in Invocations
   298 | D        | Reached XP level 6. HP: 29/42 MP: 3/9
   301 | D        | Killed a shadow
   302 | D        | Reached skill level 8 in Maces & Flails
   310 | D        | Killed an unseen horror
   311 | D        | Reached skill level 9 in Maces & Flails
   311 | D        | Reached XP level 7. HP: 19/48 MP: 5/12
   315 | D        | Reached ** piety under Okawaru
   516 | D        | Noticed a five-headed hydra
   516 | D        | Noticed a shadow
   516 | D        | Noticed a vampire
   516 | D        | Noticed a seven-headed hydra
   516 | D        | Noticed a troll
   516 | D        | Noticed a meliai
   538 | D        | Killed a five-headed hydra
   538 | D        | Reached *** piety under Okawaru
   539 | D        | Reached skill level 10 in Maces & Flails
   539 | D        | Reached skill level 1 in Evocations
   539 | D        | Reached XP level 8. HP: 27/55 MP: 12/14
   539 | D        | Killed a shadow
   539 | D        | Reached **** piety under Okawaru
   540 | D        | Reached skill level 11 in Maces & Flails
   540 | D        | Reached skill level 10 in Armour
   553 | D        | Killed a seven-headed hydra
   554 | D        | Reached XP level 9. HP: 36/60 MP: 13/16
   558 | D        | Reached ***** piety under Okawaru
   559 | D        | Reached skill level 12 in Maces & Flails
   565 | D        | Killed a troll
   569 | D        | Killed from afar by a meliai

Illustrated notes

Levels and vault maps discovered:
D:        linesprint [early_d, line_temple, items_1, d_10, items_2, lair_1,
          lair_end, items_3, orc_1, orc_end, items_4, d_15, swamp_1, shoals_1,
          snake_1, spider_1, d_20, vaults_1, items_5, swamp_end, shoals_end,
          snake_end, spider_end, vaults_end, d_27, items_6, zot_1, zot_end,
          crypt_end, forest_end, elf_end, slime_end, tomb_end, abyss_end,
          pan_hell_end]

Skill      XL: |  1  2  3  4  5  6  7  8  9 |
---------------+----------------------------+-----
Armour         | 4 6 8 9 10 11 | 11.1
Fighting       | 4 6 7 8 9 |  9.1
Shields        | 4 5 6 7 8 |  8.2
Maces & Flails | 3 5 6 9 10 11 12 | 12.2
Dodging        | 1 2 3 |  3.1
Invocations    | 3 5 6 8 9 |  9.9
Evocations     | 1 2 |  2.8

Action                   |  1- 3 |  4- 6 |  7- 9 || total
-------------------------+-------+-------+-------++-------
Melee: Flail             |    49 |       |       ||    49
       Morningstar       |     8 |    15 |    22 ||    45
Evoke: Wand              |       |       |    10 ||    10
  Use: Potion            |     2 |     2 |     7 ||    11
Armor: Scale mail        |    30 |       |       ||    30
       Plate armour      |     6 |    19 |    39 ||    64
Dodge: Dodged            |    23 |     4 |    12 ||    39
Block: Buckler           |    10 |     5 |     6 ||    21

Table legend: (Time is in decaauts)
 A = Elapsed time spent in this place.
 B = Non-inter-level travel time spent in this place.
 C = Inter-level travel time spent in this place.
 D = Time resting spent in this place.
 E = Time spent auto-exploring this place.
 F = Levels seen in this place.
 G = Mean time per level.
                   A        B        C        D        E       F      G
               +--------+--------+--------+--------+--------+-----+--------+
         Total |    574 |    574 |      0 |    330 |      3 |   1 |  574.0 |
       Dungeon |    574 |    574 |      0 |    330 |      3 |   1 |  574.0 |
               +--------+--------+--------+--------+--------+-----+--------+

Top non-repeatable levels by time:
       D: 574 daAuts
